 Dungeon Crawl Stone Soup version 0.26-a0-602-gd42a14c23b (webtiles) character file.

Game seed: 2733592504645248235

44 Conn the Sneak (level 3, -1/21 HPs)
             Began as an Octopode Hedge Wizard on Aug 30, 2020.
             Slain by a bullfrog (7 damage)
             ... on level 2 of the Dungeon.
             The game lasted 00:05:12 (2102 turns).

Conn the Sneak (Octopode Hedge Wizard)              Turns: 2102, Time: 00:05:12

Health: -1/21      AC:  1    Str:  9    XL:     3   Next: 60%
Magic:  1/8        EV: 13    Int: 17    God:
Gold:   82         SH:  0    Dex: 11    Spells: 4/9 levels left

rFire    . . .     SeeInvis .   a - +0 dagger
rCold    . . .     Faith    .   (no shield)
rNeg     . . .     Spirit   .   b - +0 hat
rPois    +         Reflect  .   (no amulet)
rElec    .         Harm     .   e - ring of poison resistance
rCorr    .                      (no ring)
MR       .....                  (no ring)
Stlth    +++.......             (no ring)
HPRegen  0.07/turn              (no ring)
MPRegen  0.11/turn              (no ring)
                                (no ring)
                                (no ring)

@: no status effects
A: almost no armour, stealthy swim, amphibious, 8 rings, constrict 8, camouflage
1, gelatinous body 1
a: no special abilities


You were on level 2 of the Dungeon.
You visited 1 branch of the dungeon, and saw 3 of its levels.

You collected 82 gold pieces.

Inventory:

Hand Weapons
 a - a +0 dagger (weapon)
Missiles
 c - 37 sling bullets
 l - 16 poisoned darts (quivered)
Armour
 b - a +0 hat (worn)
Jewellery
 e - a ring of poison resistance (left tentacle)
Scrolls
 f - a scroll of remove curse {unknown}
 j - a scroll of amnesia {unknown}
 k - a scroll of fear {unknown}
 n - 2 scrolls of teleportation {unknown}
 o - a scroll of enchant weapon {unknown}
Potions
 d - 2 potions of invisibility {unknown}
 h - a potion of brilliance {unknown}
 i - a potion of lignification {unknown}
 m - a potion of mutation {unknown}
 p - a potion of cancellation {unknown}


   Skills:
 + Level 0.2 Short Blades
 + Level 2.1 Dodging
 + Level 3.8 Stealth
 + Level 3.7 Spellcasting
 + Level 1.1 Conjurations
 + Level 1.0 Summonings
 + Level 1.0 Translocations


You had 4 spell levels left.
You knew the following spells:

 Your Spells              Type           Power        Failure   Level
a - Magic Dart            Conj           #...         10%         1
b - Blink                 Tloc           N/A          16%         2
c - Call Imp              Summ           #.......     16%         2

Your spell library contained the following spells:

 Spells                   Type           Power        Failure   Level
 Slow                     Hex            #.......     24%         2
 Conjure Flame            Conj/Fire      #.......     36%         3
 Mephitic Cloud           Conj/Pois/Air  #.......     38%         3


Dungeon Overview and Level Annotations

Branches:
Dungeon (3/15)

Altars:
Ru


Innate Abilities, Weirdness & Mutations

You cannot wear most types of armour.
You are very stealthy in the water. (Stealth+)
You are amphibious.
You can wear up to eight rings at the same time.
You can use your tentacles to constrict eight enemies at once.
Your skin changes colour to match your surroundings (Stealth+).
Your rubbery body absorbs attacks. (AC +1, EV +1)


Message History

You blink.
The bullfrog barely misses you. The orc misses you.
Casting: Blink (safe; 16% risk of failure)
Confirm with . or Enter, or press ? or * to list all spells.
Okay, then.
The orc barely misses you. The bullfrog hits you!
The bullfrog barely misses you.
You feel better. The bullfrog hits you!
* * * LOW HITPOINT WARNING * * *
The bullfrog misses you.
Okay, then.
Okay, then.
Unknown command.
Unknown command.
Unknown command.
Unknown command.
The bullfrog barely misses you. The bullfrog closely misses you.
There is a stone staircase leading up here.
The bullfrog hits you!
You die...

## ### ### ### .####.### #.###
#.# ........# #@#.# #.#
.####.### #F#.# #.# .#
#.##########.o.###.# .#
#..................# .#
#..#########.#.###.#
.####..#########.#.###.#########
..#............................#
...................>......#.####
#.#.#..#............##.####.#


You could see a bullfrog and an orc.

Vanquished Creatures
  A worm (D:2)
  4 leopard geckos
  An orc (D:3)
  5 bats
  3 giant cockroaches
  4 hobgoblins
  3 kobolds
  2 frilled lizards (D:1)
  5 goblins
  8 rats
36 creatures vanquished.

Notes
Turn   | Place    | Note
-------+----------+-------------------------------------------
     0 | D:1      | Conn the Octopode Hedge Wizard began the quest for the Orb.
     0 | D:1      | Reached XP level 1. HP: 11/11 MP: 4/4
   190 | D:1      | Reached XP level 2. HP: 16/17 MP: 6/6
   452 | D:1      | Learned a level 2 spell: Blink
   455 | D:1      | Learned a level 2 spell: Call Imp
   967 | D:2      | Found a sacrificial altar of Ru.
  1027 | D:2      | Reached XP level 3. HP: 14/21 MP: 0/8
  2074 | D:3      | Noticed a bullfrog
  2102 | D:2      | Slain by a bullfrog

Illustrated notes

Levels and vault maps discovered:
D:1:      lemuel_arrival_funnel, layout_basic, st_stairs_4
D:2:      layout_basic, nicolae_ru_awakened_eye
D:3:      layout_rooms, uniq_crazy_yiuf_cottage

Skill      XL: |  1  2 |
---------------+-------+-----
Stealth        | 3 |  3.8
Short Blades   | |  0.2
Dodging        | |  2.1
Spellcasting   | |  3.7
Conjurations   | |  1.1
Summonings     | |  1.0
Translocations | |  1.0

Action                   || total
-------------------------++-------
Melee: Dagger            ||    52
       Constrict         ||    13
       Tentacles         ||     7
 Cast: Magic Dart        ||    31
       Call Imp          ||     2
       Blink             ||     1
  Use: Potion            ||     3
 Stab: Sleeping          ||    12
Armor: Skin              ||     9
Dodge: Dodged            ||    54

Table legend: (Time is in decaauts)
 A = Elapsed time spent in this place.
 B = Non-inter-level travel time spent in this place.
 C = Inter-level travel time spent in this place.
 D = Time resting spent in this place.
 E = Time spent auto-exploring this place.
 F = Levels seen in this place.
 G = Mean time per level.
                   A        B        C        D        E       F      G
               +--------+--------+--------+--------+--------+-----+--------+
         Total |   2101 |   2060 |     41 |    336 |   1134 |   3 |  700.3 |
       Dungeon |   2101 |   2060 |     41 |    336 |   1134 |   3 |  700.3 |
               +--------+--------+--------+--------+--------+-----+--------+

Top non-repeatable levels by time:
     D:2: 1324 daAuts
     D:1: 671 daAuts
     D:3: 105 daAuts
